Map: Prion Terraces

Players

uThermal - Winner!

  • Race: Terran Terran
  • League: Grandmaster

ShoWTimE

  • Race: Protoss Protoss
  • League: Master

Event: DreamHack ZOWIE Open Leipzig

VOD

https://youtu.be/BfK4_RCNBLk?t=1m11s

Description

Time

  • Played on: Jan. 23, 2016, 10:35 a.m.
  • Length: 4:47

All games in this series

Show
View Real Time Build Order
Export as new Build Order

uThermal Terran - Winner!

Build Orders: Fast Ghost 

Get SALT Encoding   

  12  0:01  SCV  
  13  0:13  SCV  
  14  0:20  Supply Depot  
  14  0:25  SCV  
  15  0:42  SCV, Barracks  
  16  0:49  Refinery  
  16  0:54  SCV  
  17  1:06  SCV  
  17  1:08  Refinery  
  19  1:18  SCV  
  19  1:30  Orbital Command  
  19  1:32  Reaper  
  20  1:36  Supply Depot  
  20  1:43  Ghost Academy  
  20  1:56  SCV  
  21  2:07  Barracks Tech Lab  
  21  2:09  SCV  
  21  2:15  Personal Cloaking  
  22  2:16  Supply Depot  
  22  2:26  SCV  
  23  2:33  Ghost  
  25  2:38  SCV  
  26  2:50  SCV  
  27  3:01  Ghost  
  27  3:02  SCV  
  30  3:14  SCV  
  30  3:16  Factory  
  31  3:30  Command Center  
  30  3:35  Ghost  
  31  3:55  SCV  
  32  3:57  Supply Depot  
  32  4:04  Factory Tech Lab, Ghost  
  32  4:07  SCV  
  35  4:19  SCV  
  40  4:31  SCV  
Show
View Real Time Build Order
Export as new Build Order

ShoWTimE Protoss 

Build Orders: 1 Gate Expand, Oracle Opening 

Get SALT Encoding   

  12  0:01  Probe (Chrono Boost)  
  13  0:11  Probe (Chrono Boost)  
  14  0:18  Pylon  
  14  0:22  Probe (Chrono Boost)  
  15  0:36  Gateway, Probe (Chrono Boost)  
  15  0:42  Assimilator  
  16  0:47  Probe (Chrono Boost)  
  17  0:57  Probe (Chrono Boost)  
  18  1:08  Probe (Chrono Boost)  
  19  1:25  Cybernetics Core  
  19  1:30  Nexus  
  19  1:39  Zealot (Chrono Boost)  
  21  1:45  Pylon  
  21  1:48  Probe (Chrono Boost)  
  21  1:54  Assimilator  
  22  2:04  Mothership Core (Chrono Boost)  
  22  2:08  Adept  
  25  2:22  Probe (Chrono Boost)  
  26  2:27  Warp Gate  
  26  2:33  Probe (Chrono Boost)  
  27  2:41  Stalker  
  27  2:43  Probe (Chrono Boost)  
  30  2:44  Probe (Chrono Boost)  
  31  2:54  Probe (Chrono Boost)  
  31  2:55  Probe (Chrono Boost)  
  33  3:04  Probe (Chrono Boost)  
  35  3:05  Probe (Chrono Boost)  
  35  3:12  Stargate  
  35  3:15  Probe (Chrono Boost)  
  35  3:16  Probe (Chrono Boost)  
  37  3:22  Pylon  
  37  3:25  Probe (Chrono Boost), Pylon  
  38  3:28  Probe (Chrono Boost)  
  39  3:36  Probe (Chrono Boost)  
  39  3:38  Probe (Chrono Boost)  
  41  3:47  Pylon  
  44  3:54  Robotics Facility  
  37  3:56  Oracle (Chrono Boost)  
  37  4:01  Probe  
  37  4:02  Probe  
  32  4:11  Probe  
  30  4:20  Probe  

Tags
 
Add a new tag
Caveats
  • Supply blocks, unpowered buildings, or Contaminate may cause inaccurate times.
  • Supply counts are checked every 10 seconds.